[Event "Titled Tuesday Blitz April 11 Late 2023"]
[White "Tarlabasi, Emirhan"]
[Black "Koc, Przemyslaw"]
[WhiteFideId "6350275"]
[BlackFideId "1109081"]
[WhiteElo "2200"]
[BlackElo "2161"]
[Result "1-0"]
[Round "03"]
[TimeControl "180+2"]
[Date "2023.04.11"]
[WhiteClock "0:00:19"]
[BlackClock "0:00:02"]

1. d4 d6 2. Nf3 Nf6 3. Nc3 Nbd7 4. e4 e5 5. Be2 Be7 6. h3 c6 7. Be3 Qc7 8. Qd2 h6 9. g4 b5 10. a3 a6 11. Rg1 c5 12. dxe5 dxe5 13. g5 hxg5 14. Rxg5 Bb7 15. Rxg7 Nxe4 16. Nxe4 Bxe4 17. Ng5 Bg6 18. Qd5 Nb6 19. Qf3 O-O-O 20. Nxf7 Bxf7 21. Rxf7 Kb8 22. Rd1 Rxd1+ 23. Kxd1 Qd7+ 24. Kc1 Rxh3 25. Rxe7 Rxf3 26. Rxd7 Rxe3 27. Rd2 Rh3 28. b3 Kc7 29. Kb2 Rh2 30. Bg4 Rg2 31. Bf3 Rg6 32. Be4 Rd6 33. Re2 Nd7 34. f3 Nf6 35. Bd3 Re6 36. Bf5 Re7 37. c4 bxc4 38. bxc4 Ne8 39. Be4 Nd6 40. Bd5 Kd7 41. Kc3 Nf5 42. Rb2 Nd4 43. Rb7+ Ke8 44. Rb6 a5 45. Ra6 Rc7 46. Rxa5 Ke7 47. Ra6 Kd7 48. Rh6 Ne2+ 49. Kd2 Nd4 50. a4 Rc8 51. Rh7+ Kd6 52. a5 Nb3+ 53. Kc3 Nxa5 54. Rh6+ Kc7 55. Re6 Rf8 56. Rxe5 Nc6 57. Rh5 Nd4 58. Rh3 Kd6 59. Kd3 Rb8 60. Rh6+ Ke5 61. Ke3 Rb3+ 62. Kf2 Nf5 63. Re6+ Kd4 64. Re4+ Kd3 65. Re2 Nd4 66. Re3+ Kc2 67. Rxb3 Kxb3 68. Ke3 Kc3 69. Ke4 Nc2 70. f4 Nb4 71. f5 Kb3 72. f6 Nxd5 73. Kxd5 1-0


[Site "https://www.chess.com"]

[Event "Titled Tuesday Blitz April 11 Late 2023"]
[White "Kujawski, Adam"]
[Black "Mamedov, Edgar"]
[WhiteFideId "1100920"]
[BlackFideId "13739980"]
[WhiteElo "2054"]
[BlackElo "2330"]
[Result "0-1"]
[Round "03"]
[TimeControl "180+2"]
[Date "2023.04.11"]
[WhiteClock "0:00:03"]
[BlackClock "0:00:44"]

1. e4 Nc6 2. d4 d5 3. Nc3 e6 4. Nf3 Nf6 5. Bd3 Nb4 6. Bg5 Nxd3+ 7. Qxd3 Be7 8. e5 Nd7 9. Bxe7 Qxe7 10. Ne2 Qb4+ 11. Qc3 Qxc3+ 12. Nxc3 a6 13. Ne2 c5 14. c3 b5 15. Kd2 Bb7 16. a3 Ke7 17. b4 cxd4 18. cxd4 Nb6 19. Rhc1 Nc4+ 20. Ke1 a5 21. Nd2 axb4 22. axb4 f6 23. Nxc4 dxc4 24. Nc3 Bc6 25. Ke2 fxe5 26. dxe5 Rhd8 27. Rxa8 Rxa8 28. Rc2 Ra3 29. f3 Rb3 30. Kd2 Rxb4 31. Ra2 Rb3 32. Ra7+ Kf8 33. Ne2 Rb2+ 34. Ke3 b4 35. Nf4 Bd5 36. Nxd5 exd5 37. Kd4 Rd2+ 38. Kc5 c3 39. Kd6 c2 40. e6 g5 41. Ra8+ Kg7 42. e7 Re2 43. e8=Q 0-1


[Site "https://www.chess.com"]

[Event "Titled Tuesday Blitz April 11 Late 2023"]
[White "Karthikeyan, Murali"]
[Black "Kovalevsky, Stanislav"]
[WhiteFideId "5074452"]
[BlackFideId "13508598"]
[WhiteElo "2523"]
[BlackElo "2174"]
[Result "1-0"]
[Round "03"]
[TimeControl "180+2"]
[Date "2023.04.11"]
[WhiteClock "0:02:41"]
[BlackClock "0:01:52"]

1. Nf3 d5 2. g3 Nf6 3. Bg2 Nbd7 4. O-O Ne5 5. Nxe5 c6 6. d4 h5 7. h4 Ng4 8. c4 f6 9. Ng6 Rh7 10. cxd5 Bf5 11. Nxf8 Kxf8 12. Nc3 g5 13. e4 Bd7 14. f3 gxh4 15. fxg4 hxg4 16. gxh4 Rxh4 17. Bf4 Qb6 18. Bg3 Rh8 19. d6 Qxb2 20. Qd3 exd6 21. Bxd6+ Ke8 22. Rab1 1-0


[Site "https://www.chess.com"]

[Event "Titled Tuesday Blitz April 11 Late 2023"]
[White "Sabuk, Piotr"]
[Black "Bas Mas, Jose Joaquin"]
[WhiteFideId "1137565"]
[BlackFideId "22219064"]
[WhiteElo "2298"]
[BlackElo "2233"]
[Result "1-0"]
[Round "03"]
[TimeControl "180+2"]
[Date "2023.04.11"]
[WhiteClock "0:00:18"]
[BlackClock "0:00:15"]

1. d4 d5 2. Nf3 Nf6 3. c4 e6 4. g3 Bb4+ 5. Bd2 Be7 6. Bg2 O-O 7. O-O Nbd7 8. Qc2 c6 9. Rd1 Ne4 10. Bc1 f5 11. Nc3 Nd6 12. b3 a5 13. Ba3 dxc4 14. Ne5 cxb3 15. Qxb3 Nf6 16. Na4 Nb5 17. Bc5 Ra6 18. Nb6 Bxc5 19. dxc5 Qc7 20. Nec4 a4 21. Nxa4 Rxa4 22. Qxa4 Nc3 23. Qb3 Nxd1 24. Rxd1 Nd5 25. e4 fxe4 26. Bxe4 Bd7 27. Nb6 Be8 28. h4 Qe5 29. Qc2 h6 30. Nc4 Qf6 31. Nd6 Bh5 32. Re1 Qe7 33. Qb3 b5 34. Bxd5 cxd5 35. Qxd5 Bg4 36. Qd4 h5 37. Nxb5 Qf7 38. Nd6 Qg6 39. c6 Bf3 40. c7 e5 41. Qxe5 Qg4 42. Qe6+ Qxe6 43. Rxe6 Bg4 44. Re4 Bd7 45. Re7 Bc8 46. Nxc8 Rxc8 47. Rd7 Kh7 48. Kg2 Kg6 49. Kf3 Kf6 50. Kf4 g6 51. a3 Ke6 52. Rh7 Kf6 53. f3 Ra8 54. g4 Ra4+ 55. Kg3 Rc4 56. gxh5 gxh5 57. a4 Kg6 58. Rd7 Rc6 59. a5 Kf6 60. a6 Ke6 61. Rh7 Rxa6 62. Rh6+ Kd7 63. Rxa6 Kxc7 64. Rh6 Kd7 65. Rxh5 Ke7 66. Rg5 Kf7 67. Rg4 Kf6 68. h5 Kf7 69. h6 Kf6 70. h7 Kf7 71. h8=Q Ke6 72. Qh6+ Kd5 73. Qh5+ Kc6 74. Rg6+ Kd7 75. Qh7+ Kc8 76. Rg8# 1-0


[Site "https://www.chess.com"]

[Event "Titled Tuesday Blitz April 11 Late 2023"]
[White "Dzierzak, Radoslaw"]
[Black "Hardaway, Brewington"]
[WhiteFideId "1161407"]
[BlackFideId "30941849"]
[WhiteElo "2166"]
[BlackElo "2159"]
[Result "0-1"]
[Round "03"]
[TimeControl "180+2"]
[Date "2023.04.11"]
[WhiteClock "0:00:01"]
[BlackClock "0:00:20"]

1. e4 d6 2. d4 Nf6 3. Nc3 g6 4. Nf3 Bg7 5. Be2 O-O 6. O-O Bg4 7. Be3 Nc6 8. Qd2 Bxf3 9. Bxf3 e5 10. dxe5 Nxe5 11. Be2 Nfg4 12. Bxg4 Nxg4 13. Bd4 Be5 14. f4 Bxd4+ 15. Qxd4 Qf6 16. Qd2 Qe6 17. Nd5 Rac8 18. f5 Qe5 19. Rf4 c6 20. Rxg4 cxd5 21. Rf1 h5 22. f6 Kh7 23. Rf5 hxg4 24. Rxe5 dxe5 25. Qg5 Rh8 26. Qxe5 dxe4 27. Qxe4 Rc6 28. Qe7 Kh6 29. Qxf7 Rh7 30. Qf8+ Kg5 31. f7 Kf6 32. Qd8+ Kxf7 33. Qd7+ Kg8 34. Qe8+ Kg7 35. Qe7+ Kh6 36. Qh4+ Kg7 37. Qxg4 Kg8 38. Qe4 Rf7 39. h3 Kg7 40. Kh2 Rcf6 41. Qd4 Kg8 42. c3 b6 43. Qd8+ Rf8 44. Qd5+ Kg7 45. h4 Rf5 46. Qd7+ R8f7 47. Qd4+ Kh7 48. g3 Rf2+ 49. Kh3 Rxb2 50. a4 Rbf2 51. Qd5 R2f5 52. Qe6 R5f6 53. Qe8 Rf8 54. Qe7+ R8f7 55. Qe5 Rf5 56. Qe4 Rc5 57. c4 Rfc7 58. g4 Rxc4 59. Qe6 Rc3+ 60. Kg2 Rc2+ 61. Kf3 R7c3+ 62. Kf4 Rf2+ 63. Kg5 Rc5+ 0-1


[Site "https://www.chess.com"]

[Event "Titled Tuesday Blitz April 11 Late 2023"]
[White "Danielyan, Vahe"]
[Black "Guzman Moneo, Alberto"]
[WhiteFideId "13304828"]
[BlackFideId "2209616"]
[WhiteElo "2423"]
[BlackElo "2157"]
[Result "1-0"]
[Round "03"]
[TimeControl "180+2"]
[Date "2023.04.11"]
[WhiteClock "0:00:29"]
[BlackClock "0:00:08"]

1. e4 c5 2. Nf3 Nc6 3. c3 Nf6 4. e5 Nd5 5. Bc4 e6 6. O-O d6 7. d4 Be7 8. exd6 Bxd6 9. dxc5 Bxc5 10. Nbd2 O-O 11. Ne4 Be7 12. Re1 Nf6 13. Nxf6+ Bxf6 14. Qe2 e5 15. Bd3 Re8 16. Be4 Bg4 17. h3 Bh5 18. Be3 Qc7 19. Rad1 Rad8 20. Qb5 Rxd1 21. Rxd1 a6 22. Qb6 Qxb6 23. Bxb6 Bg6 24. Bxg6 hxg6 25. Rd7 Re7 26. Rd5 e4 27. Nd2 Kh7 28. Nc4 Ne5 29. Ne3 Bg5 30. Bc5 Re6 31. Bd4 Bxe3 32. fxe3 Nd3 33. Rd7 Nxb2 34. Rxf7 Kh6 35. Rxb7 Nd1 36. Bxg7+ Kh5 37. Bd4 g5 38. c4 g4 39. hxg4+ Kxg4 40. c5 Rg6 41. Rb6 Rg8 42. Rb1 Nxe3 43. Bxe3 Kf5 44. c6 Ke6 45. c7 Rc8 46. Bf4 Kd7 47. Rb8 a5 48. Rxc8 Kxc8 49. Kf2 a4 50. Ke3 a3 51. Kxe4 Kd7 52. g4 Kc8 53. g5 Kd7 54. g6 Ke6 55. g7 Kf7 56. c8=Q Kf6 57. Be5+ Kg6 58. g8=Q+ Kh5 59. Qh3# 1-0


[Site "https://www.chess.com"]

[Event "Titled Tuesday Blitz April 11 Late 2023"]
[White "Gerbelli Neto, Eduardo"]
[Black "Akhmetov, Ayan"]
[WhiteFideId "2103281"]
[BlackFideId "13703706"]
[WhiteElo "2178"]
[BlackElo "2398"]
[Result "0-1"]
[Round "03"]
[TimeControl "180+2"]
[Date "2023.04.11"]
[WhiteClock "0:00:16"]
[BlackClock "0:00:48"]

1. e4 e6 2. d4 d5 3. Nc3 Bb4 4. Ne2 Nc6 5. a3 Ba5 6. b4 Bb6 7. Be3 Nf6 8. e5 Ng4 9. Ng3 Nxe3 10. fxe3 f6 11. Qg4 O-O 12. Nh5 Rf7 13. Nxf6+ Rxf6 14. exf6 Qxf6 15. Bd3 Nxd4 16. Rf1 Nf5 17. Nxd5 exd5 18. Bxf5 Qxa1+ 19. Ke2 Qxf1+ 20. Kxf1 Bxf5 21. Qxf5 Rf8 0-1


[Site "https://www.chess.com"]

[Event "Titled Tuesday Blitz April 11 Late 2023"]
[White "Davidson, Kevin"]
[Black "Ismagilov, Damir"]
[WhiteFideId "2056810"]
[BlackFideId "34199982"]
[WhiteElo "2151"]
[BlackElo "2078"]
[Result "1-0"]
[Round "03"]
[TimeControl "180+2"]
[Date "2023.04.11"]
[WhiteClock "0:00:05"]
[BlackClock "0:00:12"]

1. e4 e5 2. Nf3 Nc6 3. Bb5 Nf6 4. d3 Bc5 5. c3 O-O 6. O-O d5 7. Nbd2 Qd6 8. Qe2 dxe4 9. dxe4 Bd7 10. Nc4 Qe7 11. Bg5 h6 12. Bxf6 Qxf6 13. Bxc6 Bxc6 14. Ncxe5 Rfe8 15. Nxc6 Qxc6 16. Rfe1 Rad8 17. h3 Rd7 18. a4 a5 19. Qb5 Qd6 20. Rad1 Qxd1 21. Rxd1 Rxd1+ 22. Kh2 Bd6+ 23. e5 c6 24. Qb3 Rxe5 25. Nxe5 Bxe5+ 26. g3 Rd7 27. Qb6 Bc7 28. Qe3 Kf8 29. Kg2 Re7 30. Qc5 g6 31. b4 axb4 32. cxb4 h5 33. Qc3 Be5 34. Qc4 Kg7 35. g4 hxg4 36. hxg4 Rd7 37. Qc5 Bf6 38. g5 Bd4 39. Qc4 Rd5 40. Kf1 Ba7 41. f4 Rd4 42. Qc3 Kg8 43. b5 Rxf4+ 44. Ke2 Re4+ 45. Kd2 Rd4+ 46. Kc2 c5 47. a5 Bb8 48. Qxc5 Rd8 49. Qc4 Be5 50. Kb3 Rd4 51. Qc8+ Kg7 52. Qxb7 Rd3+ 53. Kc4 Rd4+ 54. Kb3 Rd3+ 55. Kc2 Rc3+ 56. Kd2 Ra3 57. a6 Ra2+ 58. Kd3 Ra3+ 59. Ke4 Bc3 60. a7 Ra4+ 61. Kd5 Rd4+ 62. Kc5 Rd8 63. a8=Q Bd4+ 64. Kc4 Rxa8 65. Qxa8 Be5 66. Qd5 Bf4 67. b6 Bxg5 68. Qxg5 f6 69. Qd5 g5 70. b7 Kg6 71. b8=Q g4 72. Qe4+ f5 73. Qd6+ Kg5 74. Qde7+ Kh5 75. Qxf5+ Kh6 76. Qef6# 1-0


[Site "https://www.chess.com"]

[Event "Titled Tuesday Blitz April 11 Late 2023"]
[White "Gatterer, Florian"]
[Black "Ribeiro, Matheus Mendes Domingues"]
[WhiteFideId "811688"]
[BlackFideId "324226923"]
[WhiteElo "2221"]
[BlackElo "2168"]
[Result "1/2-1/2"]
[Round "03"]
[TimeControl "180+2"]
[Date "2023.04.11"]
[WhiteClock "0:00:27"]
[BlackClock "0:00:18"]

1. d4 d5 2. Nf3 e6 3. g3 Nf6 4. Bg2 Be7 5. O-O O-O 6. c4 dxc4 7. Ne5 Nc6 8. Bxc6 bxc6 9. Nxc6 Qe8 10. Nxe7+ Qxe7 11. Qa4 c5 12. dxc5 Qxc5 13. Nc3 Bb7 14. Be3 Qh5 15. h4 Qg4 16. Kh2 Nd5 17. Nxd5 Bxd5 18. f3 Qf5 19. Bf2 Rab8 20. e4 Qxf3 21. exd5 Rxb2 22. Kg1 exd5 23. Rae1 h6 24. Qxa7 d4 25. Qxd4 c3 26. Re3 Qa8 27. Qxc3 Qxa2 28. Qa3 Qxa3 29. Rxa3 Re8 30. Re1 Rc8 31. Rf3 f6 32. Kf1 Rcc2 33. Re7 Rc6 34. Re2 Rb1+ 35. Re1 Rb2 36. Rfe3 Kh7 37. R3e2 Rb7 38. Be3 Kg6 39. Bf2 Rc4 40. Kg2 h5 41. Rd1 Rb3 42. Rd4 Rxd4 43. Bxd4 Rd3 44. Bf2 Rd7 45. Re4 Rb7 46. Kf3 Rb3+ 47. Be3 Rb1 48. Rd4 Rf1+ 49. Kg2 Rb1 50. Kf3 Rf1+ 51. Bf2 Rb1 52. Rd3 Rb5 53. Re3 Rf5+ 54. Kg2 Rb5 55. Re4 Rb3 56. Re3 Rb5 57. Re4 Rb3 58. g4 hxg4 59. Rxg4+ Kh5 60. Rd4 g5 61. hxg5 fxg5 62. Rd8 Ra3 63. Rh8+ Kg4 64. Rd8 Rb3 65. Rd4+ Kh5 66. Rd8 Kg6 67. Rg8+ Kf5 68. Rd8 Rb5 69. Rf8+ Kg4 70. Rg8 Rd5 71. Rc8 Rb5 72. Rc4+ Kf5 73. Rc5+ Rxc5 74. Bxc5 Kg4 75. Bg1 Kh5 76. Bb6 Kg6 77. Bc7 Kh5 78. Bg3 Kg4 79. Bf2 Kf5 80. Bg1 Kg4 81. Bh2 Kf5 82. Bg1 Kg4 83. Be3 Kh5 84. Bb6 Kg6 85. Ba7 Kf5 86. Bb8 Ke6 87. Ba7 Kd5 88. Bb8 Kc6 89. Ba7 Kb7 90. Bf2 Kc6 91. Bg3 Kd5 92. Kf3 Ke6 93. Kg4 Kf6 94. Bf2 Kg6 95. Be3 Kh7 96. Bxg5 1/2-1/2


[Site "https://www.chess.com"]

[Event "Titled Tuesday Blitz April 11 Late 2023"]
[White "Ozates, Tuna"]
[Black "Yeritsyan, Hayk"]
[WhiteFideId "6354521"]
[BlackFideId "13307320"]
[WhiteElo "2151"]
[BlackElo "2241"]
[Result "1/2-1/2"]
[Round "03"]
[TimeControl "180+2"]
[Date "2023.04.11"]
[WhiteClock "0:02:11"]
[BlackClock "0:02:28"]

1. e4 c6 2. d4 d5 3. exd5 cxd5 4. c4 Nf6 5. Nc3 Nc6 6. Nf3 a6 7. c5 Bg4 8. Be2 e6 9. Be3 Be7 10. O-O O-O 11. a3 Ne4 12. h3 Bxf3 13. Bxf3 Nxc3 14. bxc3 b6 15. c4 bxc5 16. dxc5 Ne5 17. cxd5 Nxf3+ 18. Qxf3 Qxd5 19. Qxd5 exd5 20. Rfd1 Rfd8 21. Rab1 Rac8 22. Rb6 Bxc5 23. Bxc5 Rxc5 24. Rxa6 g6 25. Kh2 d4 26. Rd3 Rc3 27. Rxc3 dxc3 28. Rc6 Rd3 29. a4 Rd4 30. Rxc3 Rxa4 1/2-1/2


[Site "https://www.chess.com"]

[Event "Titled Tuesday Blitz April 11 Late 2023"]
[White "Senthilkumar, Pranav"]
[Black "Di Berardino, Diego Rafael"]
[WhiteFideId "2083477"]
[BlackFideId "2105446"]
[WhiteElo "1860"]
[BlackElo "2432"]
[Result "0-1"]
[Round "03"]
[TimeControl "180+2"]
[Date "2023.04.11"]
[WhiteClock "0:02:25"]
[BlackClock "0:02:02"]

1. Nf3 Nf6 2. d4 g6 3. Bg5 Bg7 4. Nbd2 O-O 5. e3 d6 6. Be2 c5 7. h3 Nc6 8. O-O cxd4 9. exd4 e5 10. dxe5 dxe5 11. Nc4 e4 12. Nfe5 Nxe5 13. Nxe5 Qa5 14. Nc4 Qxg5 15. Qd6 Bxh3 0-1


[Site "https://www.chess.com"]

[Event "Titled Tuesday Blitz April 11 Late 2023"]
[White "Wadsworth, Matthew J"]
[Black "Gutkin, Ilya"]
[WhiteFideId "415804"]
[BlackFideId "16203470"]
[WhiteElo "2330"]
[BlackElo "2265"]
[Result "1-0"]
[Round "03"]
[TimeControl "180+2"]
[Date "2023.04.11"]
[WhiteClock "0:00:24"]
[BlackClock "0:00:01"]

1. c4 c5 2. g3 g6 3. Bg2 Bg7 4. Nc3 Nc6 5. Nf3 d6 6. O-O e6 7. e3 Nge7 8. d4 O-O 9. d5 Na5 10. Nd2 a6 11. Rb1 Rb8 12. Qc2 b5 13. b3 Bb7 14. e4 b4 15. Nd1 e5 16. Bh3 Bc8 17. Bxc8 Qxc8 18. Kg2 f5 19. exf5 Nxf5 20. Ne4 Nd4 21. Qd3 Qf5 22. f3 Nb7 23. Ne3 Qh5 24. Qd1 Rf7 25. h4 Rbf8 26. Ng5 Bh6 27. Nxf7 Rxf7 28. Ng4 Bxc1 29. Rxc1 Nf5 30. Qd2 Nd8 31. Qg5 Qxg5 32. hxg5 Kg7 33. Rce1 Re7 34. f4 Nf7 35. Nf6 e4 36. Rxe4 Rxe4 37. Nxe4 Ne3+ 38. Kf2 Nxf1 39. Kxf1 h6 40. gxh6+ Kxh6 41. Kf2 Kg7 42. Kf3 Kh6 43. g4 Kg7 44. g5 Kh7 45. Kg4 Kg7 46. Nf6 Kf8 47. Ne4 Kg7 48. f5 Ne5+ 49. Kf4 Nd3+ 50. Ke3 gxf5 51. Kxd3 fxe4+ 52. Kxe4 1-0


[Site "https://www.chess.com"]

[Event "Titled Tuesday Blitz April 11 Late 2023"]
[White "Cori T., Deysi"]
[Black "Vivas Zamora, Fabian Ernesto"]
[WhiteFideId "3801934"]
[BlackFideId "3902480"]
[WhiteElo "2292"]
[BlackElo "2262"]
[Result "0-1"]
[Round "03"]
[TimeControl "180+2"]
[Date "2023.04.11"]
[WhiteClock "0:00:01"]
[BlackClock "0:00:03"]

1. b3 d5 2. Bb2 Bg4 3. h3 Bh5 4. d3 Nd7 5. g4 Bg6 6. Bg2 c6 7. c4 e6 8. Nf3 h5 9. g5 h4 10. Nbd2 Ne7 11. Ne5 Nxe5 12. Bxe5 Nf5 13. e4 Qxg5 14. Qg4 Qxg4 15. hxg4 Ne7 16. f4 dxe4 17. dxe4 f6 18. Bd4 b6 19. f5 e5 20. Bf2 Bf7 21. c5 b5 22. a4 g5 23. axb5 cxb5 24. Bf1 Rb8 25. Rxa7 Nc6 26. Ra6 Nb4 27. Ra5 Be7 28. Bxb5+ Kf8 29. Ke2 Kg7 30. Bd7 Rhd8 31. c6 Nxc6 32. Bxc6 Rxd2+ 33. Kxd2 Bb4+ 34. Ke2 Bxa5 35. Ra1 Bb6 36. Bxb6 Rxb6 37. Ra7 Kf8 38. Ra8+ Kg7 0-1


[Site "https://www.chess.com"]

[Event "Titled Tuesday Blitz April 11 Late 2023"]
[White "Ward, Ieuan C"]
[Black "Djokic, Mihailo"]
[WhiteFideId "406627"]
[BlackFideId "976440"]
[WhiteElo "2028"]
[BlackElo "2294"]
[Result "0-1"]
[Round "03"]
[TimeControl "180+2"]
[Date "2023.04.11"]
[WhiteClock "0:00:17"]
[BlackClock "0:01:37"]

1. d4 Nf6 2. Nf3 g6 3. c4 Bg7 4. Nc3 O-O 5. g3 d6 6. Bg2 Nc6 7. O-O a6 8. d5 Na5 9. Nd2 c5 10. e4 Rb8 11. Qe2 b5 12. cxb5 axb5 13. Nxb5 Ba6 14. a4 Nd7 15. Rb1 Nb6 16. b4 Nxa4 17. bxa5 Bxb5 18. Rxb5 Nc3 19. Qc4 Rxb5 20. e5 Bxe5 21. Nf3 Rb4 22. Qd3 Bg7 23. Bd2 Rb3 24. Qc4 Ra3 25. Rc1 Na2 26. Rc2 Nb4 27. Bxb4 cxb4 28. Qxb4 Qxa5 29. Qxa5 Rxa5 30. Rc7 Bf6 31. Nd2 Rb8 32. h4 Rc5 33. Ra7 Rc2 34. Ne4 Kg7 35. Nxf6 Kxf6 36. Ra1 Rbb2 37. Rf1 e6 38. Be4 Re2 39. Bf3 Red2 40. dxe6 fxe6 41. Kg2 d5 42. g4 h6 43. Kg3 e5 44. Bh1 e4 45. Re1 Rxf2 0-1


[Site "https://www.chess.com"]

[Event "Titled Tuesday Blitz April 11 Late 2023"]
[White "Klenburg, Michael"]
[Black "Jarocka, Liwia"]
[WhiteFideId "14102072"]
[BlackFideId "21807558"]
[WhiteElo "2396"]
[BlackElo "2013"]
[Result "1-0"]
[Round "03"]
[TimeControl "180+2"]
[Date "2023.04.11"]
[WhiteClock "0:00:22"]
[BlackClock "0:00:01"]

1. g3 Nf6 2. Bg2 g6 3. c4 Bg7 4. Nc3 O-O 5. d3 e5 6. Bd2 Nc6 7. Qc1 d6 8. Bh6 Re8 9. h4 Bh8 10. Bg5 h5 11. Nd5 Be6 12. a3 Bxd5 13. cxd5 Nd4 14. Qd1 Rc8 15. e3 Nf5 16. Ne2 c6 17. Nc3 Ne7 18. dxc6 bxc6 19. O-O d5 20. Rc1 Qd6 21. e4 d4 22. Nb1 c5 23. Nd2 Ng4 24. Nc4 Qb8 25. f3 Nf6 26. Rb1 Nc6 27. b4 cxb4 28. axb4 Nd8 29. Qa4 Ne6 30. Bd2 Red8 31. Rfc1 Nd7 32. Bh3 Nb6 33. Nxb6 Qxb6 34. Ra1 Bf6 35. Kf1 Be7 36. Rxc8 Rxc8 37. Qxa7 Qb5 38. Qa6 Qd7 39. Ke1 Kh7 40. Qb6 Rc6 41. Qa7 Rc7 42. Qa4 Qc8 43. Qa8 Qd7 44. Qd5 Qc8 45. Qxe5 Rc2 46. Bxe6 fxe6 47. Qxd4 Qf8 48. f4 Qc8 49. Ra7 1-0


[Site "https://www.chess.com"]

[Event "Titled Tuesday Blitz April 11 Late 2023"]
[White "Belov, Alexei"]
[Black "Rose, Felix"]
[WhiteFideId "4128206"]
[BlackFideId "5105722"]
[WhiteElo "2421"]
[BlackElo "2039"]
[Result "1-0"]
[Round "03"]
[TimeControl "180+2"]
[Date "2023.04.11"]
[WhiteClock "0:01:19"]
[BlackClock "0:00:16"]

1. e4 c5 2. Nf3 e6 3. d4 cxd4 4. Nxd4 a6 5. Nc3 b5 6. Be2 Bb7 7. Bf3 Nc6 8. Nxc6 Bxc6 9. O-O Qb8 10. Re1 Bd6 11. h3 Ne7 12. Qe2 Ng6 13. a4 b4 14. Nb1 O-O 15. Nd2 a5 16. Nc4 Bh2+ 17. Kh1 Bf4 18. e5 Bxf3 19. Qxf3 Bxc1 20. Raxc1 Rc8 21. b3 Ra6 22. Rcd1 Qc7 23. Rd2 Rc6 24. Qe4 Rc5 25. f4 Ne7 26. Ne3 Rd8 27. Red1 Rc3 28. f5 Nxf5 29. Nxf5 exf5 30. Qxf5 g6 31. Qf6 Rf8 32. Rxd7 1-0


[Site "https://www.chess.com"]

[Event "Titled Tuesday Blitz April 11 Late 2023"]
[White "Kornyukov, Alexey"]
[Black "Kourkoulos-Arditis, Stamatis"]
[WhiteFideId "4150457"]
[BlackFideId "4221990"]
[WhiteElo "2352"]
[BlackElo "2400"]
[Result "1-0"]
[Round "03"]
[TimeControl "180+2"]
[Date "2023.04.11"]
[WhiteClock "0:00:33"]
[BlackClock "0:00:04"]

1. d4 Nf6 2. c4 c5 3. d5 e6 4. Nc3 exd5 5. cxd5 d6 6. e4 g6 7. f3 Bg7 8. Bg5 h6 9. Be3 O-O 10. Qd2 a6 11. a4 Nbd7 12. Nh3 Ne5 13. Nf2 h5 14. Be2 Re8 15. h3 Nh7 16. O-O f5 17. f4 Nf7 18. e5 dxe5 19. Bxc5 e4 20. Nfd1 Bd7 21. Ne3 Rc8 22. b4 Bxc3 23. Qxc3 b6 24. Bxa6 bxc5 25. Bxc8 cxb4 26. Qxb4 Qxc8 27. Qb6 Qa8 28. Qxg6+ Kh8 29. Qxf7 Qa7 30. Rfe1 Rg8 31. Qxh5 Qd4 32. Kh1 Qb2 33. Qe2 Qb8 34. Qf2 Rg7 35. a5 Nf8 36. Reb1 Qd6 37. a6 1-0


[Site "https://www.chess.com"]

[Event "Titled Tuesday Blitz April 11 Late 2023"]
[White "Nadj Hedjesi, Balind"]
[Black "Ibadov, Dashgyn"]
[WhiteFideId "934003"]
[BlackFideId "24107514"]
[WhiteElo "2368"]
[BlackElo "2208"]
[Result "0-1"]
[Round "03"]
[TimeControl "180+2"]
[Date "2023.04.11"]
[WhiteClock "0:00:01"]
[BlackClock "0:00:23"]

1. e4 e6 2. d4 d5 3. Nc3 Nf6 4. exd5 exd5 5. Bg5 Be7 6. Qd2 O-O 7. O-O-O c6 8. Nf3 b5 9. Ne5 b4 10. Ne2 Qa5 11. Bxf6 Qxa2 12. Qd3 Bxf6 13. Qb3 Qxb3 14. cxb3 a5 15. f4 a4 16. bxa4 Rxa4 17. Kc2 Nd7 18. Kb3 Nb6 19. Nxc6 Ba6 20. Nc1 Bc4+ 21. Bxc4 dxc4+ 22. Kc2 Nd5 23. Rhe1 b3+ 24. Kd2 Nxf4 25. Rf1 Ne6 26. d5 Nc5 27. Rxf6 gxf6 28. Kc3 Ne4+ 29. Kd4 f5 30. Ke5 c3 31. Nxb3 cxb2 32. Rb1 Ra2 33. Nb4 Nc3 34. Nxa2 Nxb1 35. Kd4 Na3 36. Nc3 Rc8 37. d6 Rxc3 38. d7 Rd3+ 0-1


[Site "https://www.chess.com"]

[Event "Titled Tuesday Blitz April 11 Late 2023"]
[White "Kostiukov, Alexandr"]
[Black "Francisco Guecamburu, Candela Be"]
[WhiteFideId "14108100"]
[BlackFideId "160911"]
[WhiteElo "2202"]
[BlackElo "2326"]
[Result "0-1"]
[Round "03"]
[TimeControl "180+2"]
[Date "2023.04.11"]
[WhiteClock "0:00:06"]
[BlackClock "0:00:05"]

1. g3 Nf6 2. Bg2 d5 3. d3 g6 4. e4 dxe4 5. dxe4 Qxd1+ 6. Kxd1 Nc6 7. f3 Bg7 8. c3 O-O 9. Nd2 Nh5 10. Kc2 f5 11. Nh3 fxe4 12. fxe4 Ne5 13. Rf1 Bg4 14. Nf4 c6 15. h3 Nxg3 16. hxg4 Nxf1 17. Nxf1 g5 18. Nh3 h6 19. Ne3 e6 20. Bd2 Nf3 21. Bxf3 Rxf3 22. Ng1 Rf2 23. Rf1 Raf8 24. Rxf2 Rxf2 25. Kd3 Be5 26. Ne2 b5 27. Be1 Rf8 28. Bg3 Bf4 29. Bf2 Rd8+ 30. Kc2 Be5 31. Ng2 Rf8 32. Be3 Rf3 33. Kd2 a5 34. Ne1 Rf8 35. Nd3 Rd8 36. Kc2 Bg7 37. a4 bxa4 38. Bd4 a3 39. bxa3 Rf8 40. Bxg7 Kxg7 41. Nd4 Rf1 42. Nxe6+ Kf6 43. Nd4 Rg1 44. Nf5 Rxg4 45. Nxh6 Rxe4 46. Ng8+ Kg7 47. Nc5 Re5 48. Nd7 Re2+ 49. Kd3 Ra2 50. Ngf6 Rxa3 51. Ne4 Ra1 52. Nxg5 Rd1+ 53. Kc4 Rxd7 54. Ne6+ Kf6 55. Nd4 Rc7 56. Kc5 a4 57. Kb4 c5+ 58. Kxa4 cxd4 59. cxd4 Ke6 0-1


[Site "https://www.chess.com"]

[Event "Titled Tuesday Blitz April 11 Late 2023"]
[White "Chylewski, Patryk"]
[Black "Romero Ruscalleda, Josep"]
[WhiteFideId "1186191"]
[BlackFideId "2231859"]
[WhiteElo "2163"]
[BlackElo "2183"]
[Result "1-0"]
[Round "03"]
[TimeControl "180+2"]
[Date "2023.04.11"]
[WhiteClock "0:00:04"]
[BlackClock "0:00:05"]

1. e4 g6 2. d4 Bg7 3. Nc3 d6 4. Be3 a6 5. a4 Nc6 6. g4 e5 7. d5 Nce7 8. Bg2 f5 9. gxf5 gxf5 10. Qh5+ Kf8 11. Bg5 Qe8 12. Qxe8+ Kxe8 13. Bxe7 Nxe7 14. Nge2 Rg8 15. Bf3 Bh6 16. Ng3 Kf7 17. Ke2 Bd7 18. exf5 Bxf5 19. Be4 Bxe4 20. Ngxe4 Nf5 21. Rhg1 Nd4+ 22. Kd3 Rxg1 23. Rxg1 Rg8 24. Rxg8 Kxg8 25. Ng3 Kf7 26. Nce4 Kg6 27. c4 Nf3 28. h3 Bc1 29. b4 Ba3 30. Kc3 Ng5 31. c5 a5 32. bxa5 Nxh3 33. c6 bxc6 34. dxc6 d5 35. a6 Nxf2 36. a7 Nxe4+ 37. Nxe4 dxe4 38. a8=Q Bd6 39. Qg8+ Kh6 40. Qg4 e3 41. Kd3 e2 42. Kxe2 e4 43. Qxe4 Bg3 44. a5 Bh2 45. a6 Bg1 46. Qh1+ Kg6 47. Qxg1+ 1-0


[Site "https://www.chess.com"]

[Event "Titled Tuesday Blitz April 11 Late 2023"]
[White "Coelho, Ramyres Santana"]
[Black "Rastbod, Ali"]
[WhiteFideId "2120690"]
[BlackFideId "12567477"]
[WhiteElo "1888"]
[BlackElo "2248"]
[Result "0-1"]
[Round "03"]
[TimeControl "180+2"]
[Date "2023.04.11"]
[WhiteClock "0:01:29"]
[BlackClock "0:02:33"]

1. e4 e6 2. d4 d5 3. Nc3 Bb4 4. e5 b6 5. a3 Bf8 6. Bb5+ c6 7. Bd3 Ba6 8. Nf3 Bxd3 9. Qxd3 c5 10. O-O Nc6 11. Bg5 Qd7 12. Nb5 a6 13. Nc3 cxd4 14. Nxd4 Nxe5 15. Qe2 Nc6 16. Rad1 Nxd4 17. Rxd4 Be7 18. Bxe7 Nxe7 19. Re1 O-O 20. Nxd5 exd5 21. Qxe7 Rae8 22. Qxd7 Rxe1# 0-1


[Site "https://www.chess.com"]

[Event "Titled Tuesday Blitz April 11 Late 2023"]
[White "Bilan, Danila"]
[Black "Marchesich, Giovanni"]
[WhiteFideId "24161918"]
[BlackFideId "2824790"]
[WhiteElo "2182"]
[BlackElo "2209"]
[Result "0-1"]
[Round "03"]
[TimeControl "180+2"]
[Date "2023.04.11"]
[WhiteClock "0:00:02"]
[BlackClock "0:00:23"]

1. d4 Nf6 2. Nf3 d6 3. Bg5 Nbd7 4. c3 b6 5. Nbd2 Bb7 6. e3 g6 7. Bc4 Bg7 8. O-O O-O 9. Qe2 h6 10. Bh4 Qe8 11. a4 a5 12. e4 e5 13. Rfe1 Nh5 14. Bg3 Qe7 15. Nf1 g5 16. d5 Nf4 17. Qc2 Nf6 18. Ne3 Bc8 19. Bb5 N6h5 20. Bc6 Rb8 21. b4 Ng6 22. Reb1 Ba6 23. Nf5 Qf6 24. Nd2 Nhf4 25. Nf1 Bd3 26. Qd2 Bxe4 27. Nxg7 Kxg7 28. Re1 Bxg2 29. Ne3 Bf3 30. Bb5 h5 31. Bd3 e4 32. Bf1 h4 33. Bxf4 gxf4 34. Nd1 Qg5+ 0-1


[Site "https://www.chess.com"]